 Dungeon Crawl Stone Soup version 0.28.0-47-ge53b351184 (webtiles) character file.

Game seed: 17784074225963478925

169276 ultragoat the Warrior (level 17, -16/163 HPs)
             Began as a Minotaur Fighter on Apr 30, 2022.
             Was an Initiate of Gozag.
             Demolished by a four-headed hydra simulacrum (27 damage)
             ... on level 4 of the Swamp on May 6, 2022.
             The game lasted 03:24:47 (30995 turns).

ultragoat the Warrior (Minotaur Fighter)           Turns: 30995, Time: 03:24:49

Health: -16/163    AC: 28    Str: 32    XL:     17   Next: 35%
Magic:  16/16      EV: 21    Int:  7    God:    Gozag
Gold:   8891       SH:  0    Dex: 20    Spells: 16/16 levels left

rFire   . . .      SeeInvis .   Z - +8 battleaxe of Peril {vorpal, Fragile rCorr Dex+3 Stlth+}
rCold   x . .      Faith    .   (shield currently unavailable)
rNeg    + . .      Spirit   .   K - +3 pearl dragon scales
rPois   .          Reflect  .   k - +2 hat
rElec   .          Harm     .   t - +0 cloak
rCorr   +          Rampage  .   G - +0 pair of gloves
Will    +....                   S - +1 pair of boots of Losoretz {Slay+2}
Stlth   +.........              i - amulet of regeneration
HPRegen 1.17/turn               Y - +4 ring of slaying
MPRegen 0.15/turn               v - ring "Egeimaim" {rC- Str+6 Dex+6}

@: gold aura, studying Ice Magic
A: horns 2, retaliatory headbutt, MP-powered wands
a: Renounce Religion, Potion Petition, Call Merchant, Bribe Branch


You were on level 4 of the Swamp.
You worshipped Gozag.
Gozag was greatly pleased with you.
You visited 7 branches of the dungeon, and saw 30 of its levels.
You also visited: Ice Cave.

You collected 11016 gold pieces.
You spent 2046 gold pieces at shops.
You paid 79 gold pieces to Gozag.

Inventory:

Hand Weapons
 E - a +4 broad axe of flaming
 Z - the +8 battleaxe of Peril (weapon) {vorpal, Fragile rCorr Dex+3 Stlth+}
   (You found it on level 13 of the Dungeon)

   It inflicts extra damage upon your enemies.
   Dex:       It affects your dexterity (+3).
   rCorr:     It protects you from acid and corrosion.
   Fragile:   It will be destroyed if unequipped.
   Stlth:     It makes you more stealthy.
Missiles
 p - a silver boomerang
 C - 3 throwing nets
 Q - 6 javelins (quivered)
Armour
 b - +0 ice dragon scales
 k - a +2 hat (worn)
 t - a +0 cloak (worn)
 G - a +0 pair of gloves (worn)
 K - +3 pearl dragon scales (worn)
 M - a +5 plate armour of positive energy
 P - a +0 buckler of fire resistance
 S - the +1 pair of boots of Losoretz (worn) {Slay+2}
   (You found it on level 5 of the Lair of Beasts)

   Slay:      It affects your accuracy & damage with ranged weapons and melee
   (+2).
Jewellery
 e - a ring of protection from fire
 i - an amulet of regeneration (around neck)
 v - the ring "Egeimaim" (right hand) {rC- Str+6 Dex+6}
   (You found it on level 6 of the Lair of Beasts)

   [ring of strength]

   Str:       It affects your strength (+6).
   Dex:       It affects your dexterity (+6).
   rC:        It makes you vulnerable to cold.
 y - a ring of flight
 L - a +6 ring of dexterity
 N - a ring of see invisible
 O - a ring of resist corrosion
 Y - a +4 ring of slaying (left hand)
Wands
 c - a wand of mindburst (6)
 m - a wand of paralysis (14)
 x - a wand of polymorph (14)
 D - a wand of iceblast (22)
 F - a wand of digging (17)
 J - a wand of flame (5)
 V - a wand of charming (8)
 X - a wand of acid (6)
Scrolls
 g - 2 scrolls of holy word
 j - 5 scrolls of magic mapping
 l - 3 scrolls of amnesia
 q - 3 scrolls of blinking
 s - a scroll of immolation
 B - 9 scrolls of teleportation
 I - 6 scrolls of fog
 T - a scroll of silence
 U - 4 scrolls of identify
 W - 3 scrolls of fear
Potions
 a - 2 potions of invisibility
 d - 3 potions of brilliance
 f - 4 potions of flight
 n - 6 potions of might
 o - 4 potions of haste
 r - 3 potions of berserk rage
 u - 9 potions of curing
 w - 4 potions of heal wounds
 z - 4 potions of cancellation
 A - 7 potions of lignification
Miscellaneous
 h - a piece from Xom's chessboard (15/15)


   Skills:
 + Level 17.7 Fighting
 + Level 17.5 Axes
 + Level 10.4 Throwing
 - Level 15.2 Armour
 + Level 15.6 Dodging
 - Level 9.6 Shields
 * Level 9.6 Evocations


You had 16 spell levels left.
You didn't know any spells.
Your spell library contained the following spells:

 Spells                   Type           Power      Damage    Failure   Level
 Pain                     Necr           0%         1d4       63%         1
 Sandblast                Erth           0%         2d4       63%         1
 Shock                    Conj/Air       0%         1d3       63%         1
 Summon Small Mammal      Summ           0%         N/A       63%         1
 Blink                    Tloc           0%         N/A       77%         2
 Ensorcelled Hibernation  Hex/Ice        0%         N/A       77%         2
 Passwall                 Tmut/Erth      0%         N/A       77%         2
 Call Canine Familiar     Summ           0%         N/A       94%         3
 Gell's Gravitas          Tloc           0%         N/A       94%         3
 Inner Flame              Hex/Fire       0%         N/A       94%         3
 Lesser Beckoning         Tloc           0%         N/A       94%         3
 Ozocubu's Armour         Ice            0%         N/A       94%         3
 Spider Form              Tmut/Pois      0%         N/A       94%         3
 Stone Arrow              Conj/Erth      0%         3d7       94%         3
 Summon Guardian Golem    Hex/Summ       0%         N/A       94%         3
 Swiftness                Air            0%         N/A       94%         3
 Teleport Other           Tloc           0%         N/A       94%         3
 Tukima's Dance           Hex            0%         N/A       94%         3
 Airstrike                Air            0%         N/A       100%        4
 Anguish                  Hex/Necr       0%         N/A       100%        4
 Cause Fear               Hex            0%         N/A       100%        4
 Fulminant Prism          Conj/Hex       0%         3d6       100%        4
 Hailstorm                Conj/Ice       0%         3d3       100%        4
 Ice Form                 Ice/Tmut       0%         N/A       100%        4
 Iskenderun's Mystic Bla  Conj/Tloc      0%         2d3       100%        4
 Olgreb's Toxic Radiance  Pois           0%         N/A       100%        4
 Summon Ice Beast         Ice/Summ       0%         N/A       100%        4
 Summon Lightning Spire   Summ/Air       0%         N/A       100%        4
 Agony                    Necr           0%         N/A       100%        5
 Excruciating Wounds      Necr           0%         N/A       100%        5
 Lee's Rapid Deconstruct  Erth           0%         3d5*      100%        5
 Lightning Bolt           Conj/Air       0%         1d11      100%        5
 Manifold Assault         Tloc           0%         N/A       100%        5
 Metabolic Englaciation   Hex/Ice        0%         N/A       100%        5
 Summon Mana Viper        Hex/Summ       0%         N/A       100%        5
 Dispersal                Tloc           0%         N/A       100%        6
 Simulacrum               Ice/Necr       0%         N/A       100%        6
 Enfeeble                 Hex            0%         N/A       100%        7
 Monstrous Menagerie      Summ           0%         N/A       100%        7
 Orb of Destruction       Conj           0%         9d5       100%        7
 Ozocubu's Refrigeration  Ice            0%         4d5       100%        7
 Spellforged Servitor     Conj/Summ      0%         N/A       100%        7
 Discord                  Hex            0%         N/A       100%        8
 Ignition                 Fire           0%         3d3       100%        8


Dungeon Overview and Level Annotations

Branches:
Dungeon (15/15)            Temple (1/1) D:5            Lair (6/6) D:10
  Swamp (4/4) Lair:3        Snake (1/4) Lair:4        Slime (0/5) Lair:5
    Orc (2/2) D:11            Elf (1/3) Orc:2        Vaults (0/5) D:14
 Depths (0/4) D:15          IceCv (visited)

Altars:
Ashenzari
Cheibriados
Elyvilon
Gozag
Hepliaklqana
Kikubaaqudgha
Makhleb
Nemelex Xobeh
Sif Muna
Trog
Uskayaw
Vehumet
Xom
Zin
The Shining One
Lugonu

Shops:
D:1 [   D:7 (   D:8 =   Orc:2 =[(*

Portals:
Abyss: Lair:6

Annotations:
Lair:3 3 runed translucent doors, DrabberRogue's ghost, journeyman HuIE
Swamp:1 1 runed translucent door, Qemahefa's ghost, adept GrFi
Swamp:3 Roxanne


Innate Abilities, Weirdness & Mutations

You have a pair of horns on your head.
You reflexively headbutt those who attack you in melee.
You expend magic power (3 MP) to strengthen your wands.


Message History

You now have 8886 gold pieces (gained 24).
You now have 8891 gold pieces (gained 5).
You see here 13 stones.
The ice dragon roars deafeningly!
The eight-headed hydra simulacrum completely misses you.
The eight-headed hydra simulacrum barely misses you.
The eight-headed hydra simulacrum bites you but does no damage.
The eight-headed hydra simulacrum closely misses you.
The eight-headed hydra simulacrum barely misses you.
The eight-headed hydra simulacrum bites you but does no damage.
The eight-headed hydra simulacrum bites you!
The eight-headed hydra simulacrum freezes you!!
You feel a terrible chill!
The eight-headed hydra simulacrum barely misses you.
The ice dragon is engulfed in freezing vapours.
You chop one of the eight-headed hydra simulacrum's heads off!
You chop the seven-headed hydra simulacrum into pieces!!!
The seven-headed hydra simulacrum vaporises!
The six-headed hydra simulacrum is distracted by your dazzling golden aura.
Unknown command.
The six-headed hydra simulacrum is no longer distracted by gold.
The ice dragon breathes frost at you.
The blast of cold hits the four-headed hydra simulacrum.
The four-headed hydra simulacrum completely resists.
The blast of cold hits you!!!
You feel a terrible chill!
Unknown command.
The six-headed hydra simulacrum is distracted by your dazzling golden aura.
The four-headed hydra simulacrum bites you.
The four-headed hydra simulacrum freezes you!!
You feel a terrible chill!
The four-headed hydra simulacrum bites you.
The four-headed hydra simulacrum freezes you!!
You feel a terrible chill!
* * * LOW HITPOINT WARNING * * *
The four-headed hydra simulacrum bites you!
* * * LOW HITPOINT WARNING * * *
The four-headed hydra simulacrum freezes you!!
You feel a terrible chill!
You die...
Your body crumbles into a pile of gold.

≈≈≈○○○≈≈.≈≈#
D°≈§≈≈≈≈≈.≈#
≈.Z≈≈≈≈≈..≈#
°≈≈D$≈≈≈.≈≈#
≈≈≈≈≈.≈§.≈# ♣♣♣♣♣♣
#°°≈≈$D≈# ♣≈≈≈≈♣♣♣
#.♣# ≈≈≈≈≈≈≈♣♣
#.Z## ≈≈.≈≈≈≈≈♣♣
##.@## ..)..≈≈≈≈♣♣
##..# ...♣..≈≈≈≈♣
#..# .≈..♣..≈≈♣
#..# ≈.....≈≈♣
#♣..#
.♣♣≈.♣♣♣♣♣♣♣♣##(.##
...≈.♣♣ ♣♣≈≈♣#..###
..).♣.♣♣♣≈≈≈♣##...#
≈.≈≈°♣)♣≈≈≈♣ ##.♣##


You could see 2 ice dragons, a six-headed hydra simulacrum (unaware) and a
four-headed hydra simulacrum.

Vanquished Creatures
  Nikola (Swamp:4)
  Agnes (Snake:1)
  An orc warlord (Orc:2)
  An ironbound preserver (D:14)
  5 bunyips
  4 eleionomae
  Azrael (Orc:2)
  Snorg (D:13)
  A dire elephant (Lair:5)
  2 ice dragons (Swamp:4)
  A naga warrior (Snake:1)
  Harold (D:11)
  A rakshasa (D:15)
  6 boulder beetles
  16 hydras
  3 catoblepae
  5 centaur warriors
  2 ghost crabs
  2 anacondas (Snake:1)
  2 ironbound frosthearts (IceCv)
  9 alligators
  21 two-headed ogres
  A death knight (D:15)
  4 ogre magi
  14 death yaks
  2 thrashing horrors (Lair:6)
  2 tengu warriors
  Urug (D:13)
  3 shock serpents (Snake:1)
  5 skeletal warriors
  A glowing orange brain (D:15)
  6 goliath frogs
  4 spriggan druids
  A naga ritualist (Snake:1)
  7 bog bodies
  6 deep elf pyromancers
  An orb spider (shapeshifter) (D:15)
  Pikel (D:7)
  2 swamp dragons
  18 ugly things
  A deep elf zephyrmancer (Orc:2)
  4 orc knights
  An oklob plant (Lair:1)
  3 orc sorcerers (Orc:1)
  2 cyclopes
  A will-o-the-wisp (Swamp:4)
  4 manticores
  5 elephants (Lair:5)
  An ice statue (IceCv)
  9 black mambas
  A naga mage (Snake:1)
  A guardian serpent (Snake:1)
  2 smoke demons (Lair:6)
  14 cane toads
  Maggie (D:7)
  3 torpor snails
  2 gargoyles (D:13)
  6 rime drakes
  A yaktaur (shapeshifter) (D:15)
  7 freezing wraiths
  Psyche (D:8)
  A tengu conjurer (D:13)
  A kobold demonologist (D:11)
  An ancient zyme (Lair:6)
  9 komodo dragons
  A hornet (Swamp:1)
  10 trolls
  8 polar bears
  28 blink frogs
  6 tyrant leeches
  19 slime creatures
  6 dream sheep (Lair:5)
  2 large abominations (Lair:6)
  5 spriggans
  3 water elementals
  3 wyverns
  Sigmund (D:3)
  A vampire (D:10)
  A shadow (D:12)
  3 ynoxinuls (Lair:6)
  3 wraiths
  55 yaks
  4 basilisks
  14 vampire mosquitoes
  3 fire elementals (Orc:2)
  A steam dragon (Lair:3)
  5 swamp worm simulacra (Swamp:4)
  6 wargs
  2 chaos spawn (Lair:6)
  6 nagas
  18 swamp worms
  15 water moccasins
  An acid dragon (D:12)
  10 small abominations (Lair:6)
  10 hydra simulacra (Swamp:4)
  2 hell hounds (Orc:2)
  A swamp drake (Swamp:1)
  2 sky beasts
  30 orc warriors
  13 ogres
  54 wolves
  20 centaurs
  4 lemures (D:7)
  12 kobold brigands
  A phantom (D:4)
  8 bullfrogs
  A wyvern zombie (D:9)
  2 scorpions
  2 gnoll sergeants
  Dowan (D:7)
  5 killer bees (D:10)
  4 wights (D:9)
  2 electric eels
  7 howler monkeys
  A centaur zombie (D:8)
  2 jellies
  Crazy Yiuf (D:3)
  A centaur skeleton (D:6)
  12 orc priests
  A hound (D:7)
  Natasha (thrice) (D:3)
  6 iguanas
  Ijyb (D:3)
  16 orc wizards
  5 hell rats (Lair:5)
  Terence (D:2)
  A hound skeleton (D:5)
  7 adders
  13 gnolls
  2 shadow imps (D:11)
  3 swamp drake simulacra (Swamp:4)
  An ufetubus (D:5)
  An adder skeleton (D:4)
  A worm (D:4)
  4 dart slugs
  45 orcs
  9 endoplasms
  A giant cockroach (D:4)
  12 hobgoblins
  6 jackals
  6 quokkas
  14 ball pythons
  10 bats
  2 frilled lizards
  14 goblins
  39 kobolds
  11 kobold skeletons (D:11)
  7 kobold zombies (D:11)
  6 rats
  2 bushes
936 creatures vanquished.

Vanquished Creatures (collateral kills)
  A goblin (D:4)
1 creature vanquished.

Vanquished Creatures (others)
  A dancing weapon (Orc:2)
  A swamp dragon (Swamp:4)
  3 bloated husks
  2 swamp worms
  3 orcs
  6 foxfires (Swamp:4)
  47 fungi
  39 plants
102 creatures vanquished.

Grand Total: 1039 creatures vanquished

Notes
Turn   | Place    | Note
-------+----------+-------------------------------------------
     0 | D:1      | ultragoat the Minotaur Fighter began the quest for the Orb.
     0 | D:1      | Reached XP level 1. HP: 19/19 MP: 0/0
    59 | D:1      | Reached XP level 2. HP: 8/27 MP: 1/1
   329 | D:1      | Found Veras's Armour Boutique.
   636 | D:1      | Reached XP level 3. HP: 28/33 MP: 2/2
  1656 | D:2      | Reached XP level 4. HP: 30/41 MP: 3/3
  1772 | D:2      | Noticed Terence
  2001 | D:2      | Killed Terence
  2113 | D:2      | Gained mutation: You expend magic power (3 MP) to
                  | strengthen your wands. [potion of mutation]
  2258 | D:2      | Reached XP level 5. HP: 47/47 MP: 4/4
  2490 | D:2      | Reached skill level 5 in Armour
  2618 | D:3      | Noticed Sigmund
  2627 | D:3      | Killed Sigmund
  2628 | D:3      | Reached skill level 5 in Fighting
  2628 | D:3      | Reached skill level 5 in Shields
  2628 | D:3      | Reached XP level 6. HP: 56/56 MP: 5/5
  2640 | D:3      | Noticed Ijyb
  2642 | D:3      | Paralysed by Ijyb for 7 turns
  2652 | D:3      | Killed Ijyb
  3289 | D:3      | Noticed Natasha
  3300 | D:3      | Killed Natasha
  3332 | D:3      | Found a runed translucent door.
  3333 | D:3      | Noticed Crazy Yiuf
  3385 | D:3      | Noticed Natasha
  3398 | D:3      | Killed Natasha
  3404 | D:3      | Noticed Natasha
  3412 | D:3      | Killed Natasha
  3620 | D:4      | Reached skill level 5 in Axes
  3620 | D:4      | Reached XP level 7. HP: 57/62 MP: 6/6
  4315 | D:5      | Entered Level 5 of the Dungeon
  4413 | D:5      | Noticed a wraith
  4434 | D:5      | Killed a wraith
  4435 | D:5      | Reached XP level 8. HP: 44/71 MP: 1/7
  4712 | D:5      | Found a staircase to the Ecumenical Temple.
  4721 | Temple   | Entered the Ecumenical Temple
  4796 | Temple   | Became a worshipper of Gozag Ym Sagoz the Greedy
  5868 | D:6      | Found a glowing golden altar of the Shining One.
  6181 | D:7      | Noticed Maggie
  6193 | D:7      | Killed Maggie
  6194 | D:7      | Reached XP level 9. HP: 81/81 MP: 5/8
  6289 | D:7      | Noticed Duvessa
  6290 | D:7      | Noticed Dowan
  6328 | D:7      | Found a sand-covered staircase.
  6352 | D:7      | Noticed a manticore
  6448 | D:7      | Noticed Duvessa
  6448 | D:7      | Duvessa changed into Duvessa the centaur
  6473 | D:7      | Killed Duvessa the centaur
  6477 | D:7      | Killed Dowan
  6512 | D:7      | Killed a manticore
  6534 | D:7      | Noticed Pikel
  6622 | D:7      | Killed Pikel
  6745 | D:7      | Found Ejanic's Antique Weapon Boutique.
  7188 | D:8      | Found Aritem's Jewellery Boutique.
  7278 | D:8      | Noticed Psyche
  7294 | D:8      | Killed Psyche
  7314 | D:8      | Reached XP level 10. HP: 83/91 MP: 9/9
  7611 | D:9      | Noticed a two-headed ogre
  7665 | D:9      | Reached skill level 1 in Throwing
  8016 | D:9      | Killed a two-headed ogre
  8017 | D:9      | Reached skill level 10 in Fighting
  8017 | D:9      | Reached skill level 10 in Armour
  8707 | D:10     | Entered Level 10 of the Dungeon
  8917 | D:10     | Noticed a death yak
  8918 | D:10     | Noticed a death yak
  8940 | D:10     | Noticed a death yak
  8941 | D:10     | Noticed a death yak
  8942 | D:10     | Noticed a death yak
  8943 | D:10     | Noticed a death yak
  9059 | D:10     | Found a staircase to the Lair.
  9163 | D:9      | Killed a death yak
  9328 | D:10     | Killed a death yak
  9329 | D:10     | Reached skill level 10 in Axes
  9506 | D:1      | Bought +0 pearl dragon scales for 1000 gold pieces
  9852 | D:10     | Killed a death yak
  9853 | D:10     | Reached skill level 5 in Throwing
  9853 | D:10     | Reached XP level 11. HP: 100/101 MP: 10/10
  9860 | D:10     | Killed a death yak
  9871 | D:10     | Killed a death yak
  9877 | D:10     | Killed a death yak
 10590 | D:11     | Noticed a boulder beetle
 10654 | D:11     | Killed a boulder beetle
 10769 | Lair:1   | Entered Level 1 of the Lair of Beasts
 10853 | Lair:1   | Found a frozen archway.
 10866 | IceCv    | Entered an ice cave
 10889 | IceCv    | Reached skill level 1 in Dodging
 11302 | IceCv    | Reached XP level 12. HP: 112/112 MP: 11/11
 11440 | IceCv    | Reached skill level 5 in Dodging
 11471 | IceCv    | Noticed a death yak
 11471 | IceCv    | Noticed an ironbound frostheart
 11471 | IceCv    | Noticed an ironbound frostheart
 11471 | IceCv    | Noticed a death yak
 11505 | IceCv    | Noticed a death yak
 11521 | IceCv    | Noticed a death yak
 11521 | IceCv    | Noticed a death yak
 11521 | IceCv    | Noticed a death yak
 11530 | IceCv    | Killed a death yak
 11539 | IceCv    | Killed a death yak
 11546 | IceCv    | Killed a death yak
 11604 | IceCv    | Killed an ironbound frostheart
 11612 | IceCv    | Killed an ironbound frostheart
 11620 | IceCv    | Killed a death yak
 11629 | IceCv    | Killed a death yak
 11642 | IceCv    | Killed a death yak
 11873 | D:8      | Bought a +6 ring of dexterity for 819 gold pieces
 12875 | Lair:2   | Noticed a six-headed hydra
 12899 | Lair:2   | Killed a two-headed hydra
 12930 | Lair:2   | Reached XP level 13. HP: 117/122 MP: 12/12
 13386 | Lair:2   | Reached skill level 10 in Dodging
 14192 | Lair:3   | Found a staircase to the Swamp.
 14223 | Lair:3   | Noticed DrabberRogue's ghost (journeyman HuIE)
 14285 | Lair:3   | Found a runed translucent gate.
 14285 | Lair:3   | Found a runed translucent gate.
 14285 | Lair:3   | Found a runed translucent gate.
 14977 | Lair:4   | Found a staircase to the Snake Pit.
 15791 | Lair:5   | Found a runed translucent door.
 16088 | Lair:5   | Reached XP level 14. HP: 128/132 MP: 8/13
 16281 | Lair:5   | Identified the +1 pair of boots of Losoretz {Slay+2}
 16417 | Lair:5   | Found a staircase to the Slime Pits.
 16778 | Lair:6   | Entered Level 6 of the Lair of Beasts
 18072 | Lair:6   | Identified the ring "Egeimaim" {rC- Str+6 Dex+6}
 18347 | Lair:6   | Reached skill level 15 in Fighting
 18382 | Lair:6   | Reached skill level 15 in Armour
 18497 | Lair:6   | Found a corrupted altar of Lugonu.
 18501 | Lair:6   | Found a one-way gate to the infinite horrors of the Abyss.
 19047 | D:1      | Bought a +0 buckler of fire resistance for 115 gold pieces
 19208 | D:3      | Killed Crazy Yiuf
 19382 | D:11     | Noticed Harold
 19390 | D:11     | Killed Harold
 19890 | D:11     | Found a hazy altar of Hepliaklqana.
 19970 | D:11     | Found a staircase to the Orcish Mines.
 20081 | D:11     | Found an ancient bone altar of Kikubaaqudgha.
 20189 | D:11     | Reached skill level 15 in Axes
 20313 | D:12     | Reached skill level 1 in Evocations
 20548 | D:12     | Reached XP level 15. HP: 141/141 MP: 14/14
 21080 | D:13     | Noticed Urug
 21091 | D:13     | Killed Urug
 21175 | D:13     | Noticed Snorg
 21194 | D:13     | Killed Snorg
 21952 | D:13     | Identified the +8 battleaxe of Peril {vorpal, Fragile rCorr
                  | Dex+3 Stlth+}
 22139 | Orc:1    | Entered Level 1 of the Orcish Mines
 22341 | Orc:2    | Entered Level 2 of the Orcish Mines
 22344 | Orc:1    | Paralysed by an orc sorcerer for 7 turns
 22486 | Orc:2    | Found a radiant altar of Vehumet.
 22529 | Orc:2    | Noticed Azrael
 22557 | Orc:2    | Killed Azrael
 22558 | Orc:2    | Reached skill level 5 in Evocations
 23178 | Orc:2    | Found Jiguigg's Armour Shoppe.
 23178 | Orc:2    | Found Ifuc's Weapon Boutique.
 23180 | Orc:2    | Found Taph's Assorted Antiques.
 23182 | Orc:2    | Found Nanueno's Jewellery Emporium.
 23193 | Orc:2    | Bought a potion of might for 112 gold pieces
 23237 | Orc:2    | Found a staircase to the Elven Halls.
 23720 | Orc:1    | Noticed an orc warlord
 23741 | Orc:2    | Killed an orc warlord
 23797 | Orc:1    | Paralysed by an orc sorcerer for 3 turns
 24266 | D:14     | Identified the +1 robe of the Northern Lights {rCorr Int+2}
 24560 | D:14     | Found a gate to the Vaults.
 24655 | D:14     | Found a hide-covered altar of Uskayaw.
 24824 | D:14     | Reached XP level 16. HP: 121/152 MP: 15/15
 25120 | D:15     | Entered Level 15 of the Dungeon
 26094 | D:15     | Found a staircase to the Depths.
 26353 | Elf:1    | Entered Level 1 of the Elven Halls
 26565 | Snake:1  | Entered Level 1 of the Snake Pit
 26794 | Snake:1  | Noticed Agnes
 26800 | Snake:1  | Killed Agnes
 27635 | Swamp:1  | Entered Level 1 of the Swamp
 27692 | Swamp:1  | Reached skill level 15 in Dodging
 27713 | Swamp:1  | Found a runed translucent door.
 27764 | Swamp:1  | Found a shimmering altar of Xom.
 27764 | Swamp:1  | Noticed Qemahefa's ghost (adept GrFi)
 27767 | Swamp:1  | Identified the +6 dire flail of ultragoat's Doom {chaos,
                  | +Blink}
 28057 | Swamp:1  | Identified the +0 ring mail of Nihilism {rN+ Dex+3}
 29216 | Swamp:3  | Reached skill level 10 in Throwing
 29304 | Swamp:3  | Reached XP level 17. HP: 162/162 MP: 16/16
 29655 | Swamp:3  | Identified Roxanne's Guide on Earth
 29655 | Swamp:3  | Noticed Roxanne
 29973 | Swamp:4  | Entered Level 4 of the Swamp
 30474 | Swamp:4  | Noticed Nikola
 30518 | Swamp:4  | Killed Nikola
 30995 | Swamp:4  | Demolished by a four-headed hydra simulacrum

Illustrated notes

Levels and vault maps discovered:
D:1:      dpeg_arrival_subterranean_lakeside_camping, layout_basic,
          serial_shops, shop
D:2:      layout_rooms, kennysheep_nondescript, skrybe_limestone_x,
          minmay_split_cup_large, uniq_terence
D:3:      kennysheep_the_goblin_king, layout_loops_ring, minmay_misc_feat_roman,
          uniq_ijyb, uniq_crazy_yiuf_cottage, uniq_sigmund, uniq_natasha
D:4:      layout_loops_cross, chequers_serial_rivers_micro_c
D:5:      layout_rooms, minmay_temple_entry_junction, kennysheep_minor_cross,
          water_maze_lemuel
D:6:      layout_loops_ring, mainiacjoe_overflow_24_doors, minmay_misc_feat_iff
D:7:      layout_cave_pools, nicolae_ossuary_entry_false_entrances,
          serial_shops, nicolae_shop_behind_doors, uniq_maggie, uniq_duvessa,
          uniq_pikel
D:8:      layout_rooms, serial_shops, nicolae_shop_waterfront,
          kb_lookout_dungeons_type, abandoned_shop, uniq_psyche
D:9:      layout_long_grid
D:10:     layout_basic, dpeg_lair_monsters
D:11:     wander_kiku_kobolds, layout_basic, orc_0_dummy, solitary_fountain,
          nicolae_hepliaklqana_hippocampus, uniq_harold
D:12:     layout_basic, minmay_liquid_box
D:13:     layout_basic, serial_glass, glass_columns_b, glass_columns_a,
          glass_columns_a, kennysheep_generic_room_14, uniq_urug, uniq_snorg
D:14:     layout_loops_ring, skrybe_vaults_entry_preservation,
          nicolae_uskayaw_dance_hall
D:15:     gammafunk_enter_depths_forms, layout_basic
Temple:   mainiacjoe_temple_archimedes_tessellation
Lair:1:   layout_misc_corridors, portal_ice_cave_rime, minmay_lair_oklob_items,
          infiniplex_staircase_pool_2
Lair:2:   layout_loops_ring, st_stairs_3
Lair:3:   layout_long_grid, minmay_swamp_entry_worms, gammafunk_ghost_icy,
          lemuel_fruit_tree
Lair:4:   layout_small_grid, guppyfry_snake_entry_island, grunt_megastairs_4
Lair:5:   wander_river, layout_regular_city, minmay_slime_entry_pillars,
          pf_torpor_hydra
Lair:6:   hellmonk_lair_end_abyssal_woods, layout_misc_corridors,
          chequers_serial_rivers_micro_d, hangedman_lair_generics_rect
Swamp:1:  layout_basic_swamp, ebering_ghost_xom, serial_swamp_ruin,
          evilmike_swamp_ruin_rubble_2, evilmike_swamp_ruin_house_6,
          evilmike_swamp_ruin_rubble_1, swamp_pool2
Swamp:2:  layout_basic_swamp, nicolae_swamp_small_spring
Swamp:3:  layout_basic_swamp, nicolae_swamp_very_dense_foliage,
          infiniplex_staircase_pool, uniq_roxanne
Swamp:4:  swamp_icy, layout_basic_swamp, uniq_nikola
Snake:1:  nrook_guardian_serpent_snake_passage, layout_misc_corridors,
          serial_bayou_shore_b, uniq_agnes
Orc:1:    layout_caves, enter_volcano_4
Orc:2:    st_orc_rangers, layout_caves, basic_altar, uniq_azrael
Elf:1:    elf_arrival_002, layout_geoelf_octagon, kennysheep_underground_church

Skill      XL: |  1  2  3  4  5  6  7  8  9 10 11 12 13 14 15 16 17 |
---------------+----------------------------------------------------+-----
Armour         | 4 5 6 8 9 10 11 13 14 15 | 15.2
Shields        | 4 5 6 7 9 |  9.6
Fighting       | 4 5 6 8 9 10 11 13 14 15 16 17 | 17.7
Axes           | 3 4 5 7 9 10 11 12 13 15 16 17 | 17.5
Throwing       | 5 7 8 10 | 10.4
Dodging        | 4 8 11 13 14 15 | 15.6
Evocations     | 1 7 8 9 |  9.6

Action                   |  1- 3 |  4- 6 |  7- 9 | 10-12 | 13-15 | 16-18 || total
-------------------------+-------+-------+-------+-------+-------+-------++-------
Melee: War axe           |    88 |   151 |   114 |       |       |       ||   353
       Headbutt          |     7 |    30 |    40 |   117 |   242 |   121 ||   557
       Broad axe         |       |       |   105 |   545 |   743 |       ||  1393
       Battleaxe         |       |       |       |       |   212 |   425 ||   637
Throw: Boomerang         |       |       |       |     8 |     6 |       ||    14
       Javelin           |       |       |       |       |     1 |    15 ||    16
Evoke: Wand              |       |       |    11 |     5 |     4 |     3 ||    23
  Use: Scroll            |     4 |     4 |     9 |     9 |     6 |     3 ||    35
       Potion            |     1 |     3 |       |     2 |     2 |     1 ||     9
 Stab: Paralysed         |       |       |    11 |       |       |       ||    11
       Distracted        |       |       |       |     8 |    13 |     1 ||    22
       Petrifying        |       |       |       |       |     2 |       ||     2
       Petrified         |       |       |       |       |     1 |       ||     1
Armor: Scale mail        |    49 |    62 |   102 |    47 |       |       ||   260
       Skin              |       |       |     4 |       |       |       ||     4
       Pearl dragon scal |       |       |       |    77 |   512 |   211 ||   800
       Ice dragon scales |       |       |       |   107 |       |       ||   107
Dodge: Dodged            |    48 |    53 |    81 |   191 |   829 |   380 ||  1582
Block: Buckler           |    30 |    55 |    77 |   164 |   297 |       ||   623
